NCAA
VILLANOVA WILDCATS @ PENN STATE NITTANY LIONS
06/01/2029
 
TOP OF THE 1ST
Villanova Wildcats batting - Pitching for Penn State Nittany Lions : RHP Ken Rivera
Pitching: RHP Ken Rivera
Batting: RHB Bud López 0-0: Called Strike
0-1: Ball
1-1: Swinging Strike
1-2: Fly out, F8 (Flyball, 8LS)
Batting: RHB Michael Boulanger 0-0: Swinging Strike
0-1: Foul Ball, location: 2F
0-2: Foul Ball, location: 2F
0-2: SOLO HOME RUN (Flyball, 7D), Distance : 343 ft
Batting: LHB William Donnelly 0-0: Ball
1-0: Ball
2-0: Fly out, F7 (Flyball, 78XD)
Batting: RHB Paul Bell 0-0: Fly out, F4 (Line Drive, 4)
Top of the 1st over - 1 run, 1 hit, 0 errors, 0 left on base; Villanova 1 - Penn State 0
BOTTOM OF THE 1ST
Penn State Nittany Lions batting - Pitching for Villanova Wildcats : RHP Norm Sweetland
Pitching: RHP Norm Sweetland
Batting: RHB Greg Coleman 0-0: Called Strike
0-1: Swinging Strike
0-2: Fly out, F7 (Line Drive, 7)
Batting: LHB Mauro Flores 0-0: Ball
1-0: Ball
2-0: Called Strike
2-1: SINGLE (Line Drive, 8LS)
Batting: SHB Francisco Madrigal 0-0: Ball
1-0: Fly out, F5 (Popup, 56S)
Batting: LHB Jerry Koch 0-0: Ball
1-0: Ball
2-0: Ball
3-0: Called Strike
3-1: Called Strike
3-2: Foul Ball, location: 2F
3-2: 2-RUN HOME RUN (Line Drive, 9D), Distance : 371 ft
Batting: LHB Ángel Santos 0-0: Ball
1-0: Ball
2-0: Called Strike
2-1: Ground out 4-3 (Groundball, 34)
Bottom of the 1st over - 2 runs, 2 hits, 0 errors, 0 left on base; Villanova 1 - Penn State 2
TOP OF THE 2ND
Villanova Wildcats batting - Pitching for Penn State Nittany Lions : RHP Ken Rivera
Batting: LHB Anthony Samples 0-0: Foul Ball, location: 2F
0-1: Foul Ball, location: 2F
0-2: Ball
1-2: Strikes out looking
Batting: LHB Steve Jones 0-0: Called Strike
0-1: Ground out 1-3 (Groundball, 13)
Batting: RHB Clay Cowden 0-0: Foul Ball, location: 2F
0-1: Ball
1-1: Foul Ball, location: 2F
1-2: Foul Ball, location: 2F
1-2: Strikes out swinging
Top of the 2nd over - 0 runs, 0 hits, 0 errors, 0 left on base; Villanova 1 - Penn State 2
BOTTOM OF THE 2ND
Penn State Nittany Lions batting - Pitching for Villanova Wildcats : RHP Norm Sweetland
Batting: RHB Lee Cummings 0-0: Called Strike
0-1: Foul Ball, location: 2F
0-2: SINGLE (Flyball, 7S)
Batting: RHB Lane Wilcox 0-0: Swinging Strike
0-1: Foul Ball, location: 2F
0-2: Ball
1-2: Ball
2-2: Ball
3-2: Foul Ball, location: 2F
3-2: DOUBLE (Line Drive, 89D)
Lee Cummings to third
Batting: LHB Damian West 0-0: Called Strike
0-1: Called Strike
0-2: DOUBLE (Line Drive, 7LM)
Lee Cummings scores
Lane Wilcox scores
Batting: RHB Tom Oglethorpe 0-0: Fly out, F4 (Line Drive, 4)
Lined into DP, 4-6 (Line Drive, 4)
Batting: RHB Greg Coleman 0-0: Called Strike
0-1: Fly out, F8 (Flyball, 8LM)
Bottom of the 2nd over - 2 runs, 3 hits, 0 errors, 0 left on base; Villanova 1 - Penn State 4
TOP OF THE 3RD
Villanova Wildcats batting - Pitching for Penn State Nittany Lions : RHP Ken Rivera
Batting: RHB Howard Lynch 0-0: Called Strike
0-1: Called Strike
0-2: Ball
1-2: Ball
2-2: Foul Ball, location: 2F
2-2: Ball
3-2: Foul Ball, location: 2F
3-2: Strikes out looking
Batting: SHB Neil Floyd 0-0: Fly out, F9 (Flyball, 89M)
Batting: RHB Bud López 0-0: Called Strike
0-1: Ground out 6-3 (Groundball, 6)
Top of the 3rd over - 0 runs, 0 hits, 0 errors, 0 left on base; Villanova 1 - Penn State 4
BOTTOM OF THE 3RD
Penn State Nittany Lions batting - Pitching for Villanova Wildcats : RHP Norm Sweetland
Batting: LHB Mauro Flores 0-0: Foul Ball, location: 2F
0-1: Foul Ball, location: 2F
0-2: Strikes out looking
Batting: SHB Francisco Madrigal 0-0: Ball
1-0: Ball
2-0: Swinging Strike
2-1: Ball
3-1: Base on Balls
Batting: LHB Jerry Koch 0-0: Ball
1-0: Foul Ball, location: 2F
1-1: Ball
2-1: Swinging Strike
2-2: Foul Ball, location: 2F
2-2: Foul Ball, location: 2F
2-2: Fly out, F9 (Flyball, 89S)
Batting: LHB Ángel Santos 0-0: Ball
Francisco Madrigal is caught stealing 2nd base
Bottom of the 3rd over - 0 runs, 0 hits, 0 errors, 0 left on base; Villanova 1 - Penn State 4
TOP OF THE 4TH
Villanova Wildcats batting - Pitching for Penn State Nittany Lions : RHP Ken Rivera
Batting: RHB Michael Boulanger 0-0: Foul Ball, location: 2F
0-1: Called Strike
0-2: Strikes out swinging
Batting: LHB William Donnelly 0-0: Ball
1-0: Ball
2-0: Foul Ball, location: 2F
2-1: SINGLE (Groundball, 34D)
Batting: RHB Paul Bell 0-0: SINGLE (Line Drive, 9LS)
William Donnelly to second
Runner from 2nd tries for 3rd, SAFE, no throw
Batting: LHB Anthony Samples 0-0: Ball
1-0: Ball
Wild Pitch!
William Donnelly scores
Paul Bell to second
2-0: Called Strike
2-1: Foul Ball, location: 2F
2-2: Strikes out looking
Batting: LHB Steve Jones 0-0: Foul Ball, location: 2F
0-1: Ball
1-1: Ball
2-1: Fly out, F8 (Line Drive, 89D)
Top of the 4th over - 1 run, 2 hits, 0 errors, 1 left on base; Villanova 2 - Penn State 4
BOTTOM OF THE 4TH
Penn State Nittany Lions batting - Pitching for Villanova Wildcats : RHP Norm Sweetland
Batting: LHB Ángel Santos 0-0: Swinging Strike
0-1: Called Strike
0-2: Foul Ball, location: 2F
0-2: Ball
1-2: Ball
2-2: Ground out 6-3 (Groundball, 6)
Batting: RHB Lee Cummings 0-0: Ball
1-0: Ground out 4-3 (Groundball, 4)
Batting: RHB Lane Wilcox 0-0: Swinging Strike
0-1: Ball
1-1: Called Strike
1-2: Ball
2-2: Ball
3-2: Foul Ball, location: 2F
3-2: Fly out, F9 (Flyball, 9S)
Bottom of the 4th over - 0 runs, 0 hits, 0 errors, 0 left on base; Villanova 2 - Penn State 4
TOP OF THE 5TH
Villanova Wildcats batting - Pitching for Penn State Nittany Lions : RHP Ken Rivera
Batting: RHB Clay Cowden 0-0: Ball
1-0: Foul Ball, location: 2F
1-1: Foul Ball, location: 2F
1-2: Strikes out swinging
Batting: RHB Howard Lynch 0-0: Ball
1-0: Ball
2-0: Swinging Strike
2-1: Swinging Strike
2-2: Strikes out swinging
Batting: SHB Neil Floyd 0-0: Called Strike
0-1: Ball
1-1: Swinging Strike
1-2: Ball
2-2: Ball
3-2: Fly out, F4 (Popup, 4M)
Top of the 5th over - 0 runs, 0 hits, 0 errors, 0 left on base; Villanova 2 - Penn State 4
BOTTOM OF THE 5TH
Penn State Nittany Lions batting - Pitching for Villanova Wildcats : RHP Norm Sweetland
Batting: LHB Damian West 0-0: Ball
1-0: Called Strike
1-1: Foul Ball, location: 2F
1-2: Ball
2-2: Strikes out swinging
Batting: RHB Tom Oglethorpe 0-0: Called Strike
0-1: SOLO HOME RUN (Flyball, 7LD), Distance : 316 ft
Batting: RHB Greg Coleman 0-0: Called Strike
0-1: Ground out 1-3 (Groundball, 13)
Batting: LHB Mauro Flores 0-0: SINGLE (Line Drive, 4MD)
Pitching: LHP Chris Muller
Batting: SHB Francisco Madrigal 0-0: 2-RUN HOME RUN (Flyball, 9LD), Distance : 324 ft
Batting: LHB Jerry Koch 0-0: Called Strike
0-1: Ball
1-1: Ball
2-1: Ball
3-1: Base on Balls
Batting: LHB Ángel Santos 0-0: Fielders Choice at 2nd, 6-4 (Groundball, 6)
Bottom of the 5th over - 3 runs, 3 hits, 0 errors, 1 left on base; Villanova 2 - Penn State 7
TOP OF THE 6TH
Villanova Wildcats batting - Pitching for Penn State Nittany Lions : RHP Ken Rivera
Batting: RHB Bud López 0-0: Ball
1-0: Ball
2-0: Ball
3-0: Called Strike
3-1: Foul Ball, location: 2F
3-2: DOUBLE (Line Drive, 5D)
Batting: RHB Michael Boulanger 0-0: Foul Ball, location: 2F
0-1: Ball
1-1: Foul Ball, location: 2F
1-2: Strikes out swinging
Batting: LHB William Donnelly 0-0: Ball
Wild Pitch!
Bud López to third
1-0: Called Strike
1-1: Called Strike
1-2: Foul Ball, location: 2F
1-2: Foul Ball, location: 2F
1-2: Ball
2-2: Ball
3-2: Fly out, F8 (Flyball, 89D)
Runner from 3rd tags up, SCORES, throw made
Batting: RHB Paul Bell 0-0: Ball
1-0: Ball
2-0: Called Strike
2-1: Swinging Strike
2-2: Strikes out swinging
Top of the 6th over - 1 run, 1 hit, 0 errors, 0 left on base; Villanova 3 - Penn State 7
BOTTOM OF THE 6TH
Penn State Nittany Lions batting - Pitching for Villanova Wildcats : LHP Chris Muller
Batting: RHB Lee Cummings 0-0: Ball
1-0: Ball
2-0: Called Strike
2-1: Ball
3-1: Base on Balls
Batting: RHB Lane Wilcox 0-0: Called Strike
0-1: Grounds into double play, 6-4-3 (Groundball, 6)
Batting: LHB Damian West 0-0: Called Strike
0-1: Ground out 3-1 (Groundball, 34)
Bottom of the 6th over - 0 runs, 0 hits, 0 errors, 0 left on base; Villanova 3 - Penn State 7
TOP OF THE 7TH
Villanova Wildcats batting - Pitching for Penn State Nittany Lions : RHP Ken Rivera
Pitching: RHP Cullen Rivera
Batting: LHB Anthony Samples 0-0: Called Strike
0-1: Foul Ball, location: 2F
0-2: SINGLE (Groundball, 13) (infield hit)
Batting: LHB Steve Jones 0-0: Ball
1-0: Fly out, F8 (Flyball, 8RD)
Batting: RHB Clay Cowden 0-0: Foul Ball, location: 2F
0-1: Foul Ball, location: 2F
0-2: Strikes out swinging
Batting: RHB Howard Lynch 0-0: Called Strike
0-1: Ball
1-1: Ball
Anthony Samples is caught stealing 2nd base
Top of the 7th over - 0 runs, 1 hit, 0 errors, 0 left on base; Villanova 3 - Penn State 7
BOTTOM OF THE 7TH
Penn State Nittany Lions batting - Pitching for Villanova Wildcats : LHP Chris Muller
Batting: RHB Tom Oglethorpe 0-0: Ball
1-0: Fly out, F5 (Flyball, 5D)
Batting: RHB Greg Coleman 0-0: Swinging Strike
0-1: Swinging Strike
0-2: Strikes out swinging
Batting: LHB Mauro Flores 0-0: Foul Ball, location: 2F
0-1: Ball
1-1: Foul Ball, location: 2F
1-2: Ball
2-2: Strikes out swinging
Bottom of the 7th over - 0 runs, 0 hits, 0 errors, 0 left on base; Villanova 3 - Penn State 7
TOP OF THE 8TH
Villanova Wildcats batting - Pitching for Penn State Nittany Lions : RHP Cullen Rivera
Batting: RHB Howard Lynch 0-0: Ball
1-0: Ball
2-0: Ball
3-0: Base on Balls
Batting: SHB Neil Floyd 0-0: Fly out, F6 (Popup, 6MD)
Batting: RHB Bud López 0-0: Called Strike
0-1: Ball
1-1: 2-RUN HOME RUN (Flyball, 7LD), Distance : 330 ft
Pitching: RHP Raúl Pérez
Batting: RHB Michael Boulanger 0-0: Ball
1-0: Fly out, F3 (Popup, 3)
Pitching: LHP Ryan Roach
Batting: LHB William Donnelly 0-0: Ball
1-0: Ball
2-0: Called Strike
2-1: Swinging Strike
2-2: Foul Ball, location: 2F
2-2: Strikes out looking
Top of the 8th over - 2 runs, 1 hit, 0 errors, 0 left on base; Villanova 5 - Penn State 7
BOTTOM OF THE 8TH
Penn State Nittany Lions batting - Pitching for Villanova Wildcats : LHP Chris Muller
Batting: SHB Francisco Madrigal 0-0: Ball
1-0: Ball
2-0: Foul Ball, location: 2F
2-1: Ball
3-1: Foul Ball, location: 2F
3-2: Base on Balls
Batting: LHB Jerry Koch 0-0: SINGLE (Flyball, 78M)
Francisco Madrigal to second
Batting: LHB Ángel Santos 0-0: Reached on error, E5 (Groundball, 56S)
Francisco Madrigal to third
Jerry Koch to second
Batting: RHB Lee Cummings 0-0: Foul Ball, location: 2F
0-1: Foul Ball, location: 2F
0-2: Ball
1-2: Strikes out swinging
Batting: RHB Lane Wilcox 0-0: Ball
1-0: Ball
2-0: Ball
3-0: Base on Balls
Francisco Madrigal scores
Jerry Koch to third
Ángel Santos to second
Pitching: LHP Noah Flint
Batting: LHB Damian West 0-0: Ball
1-0: Called Strike
1-1: Swinging Strike
1-2: DOUBLE (Line Drive, 7LS)
Jerry Koch scores
Ángel Santos scores
Lane Wilcox to third
Runner from 3rd tries for Home, SAFE, no throw
Pitching: RHP Rob Rojas
Batting: RHB Tom Oglethorpe 0-0: Ball
1-0: Fly out, F9 (Flyball, 89M)
Batting: RHB Greg Coleman 0-0: Ball
1-0: Foul Ball, location: 2F
1-1: Foul Ball, location: 2F
1-2: Strikes out swinging
Bottom of the 8th over - 4 runs, 2 hits, 1 error, 1 left on base; Villanova 5 - Penn State 11
TOP OF THE 9TH
Villanova Wildcats batting - Pitching for Penn State Nittany Lions : LHP Ryan Roach
Pitching: RHP Gary Yarn
Now at 1B: Danny Parkins
Batting: RHB Paul Bell 0-0: Ball
1-0: Fly out, F9 (Flyball, 9S)
Batting: LHB Anthony Samples 0-0: Ball
1-0: Swinging Strike
1-1: Ball
2-1: Foul Ball, location: 2F
2-2: Foul Ball, location: 2F
2-2: Foul Ball, location: 2F
2-2: Strikes out swinging
Batting: LHB Steve Jones 0-0: SINGLE (Groundball, 56D)
Batting: RHB Clay Cowden 0-0: Ball
1-0: Foul Ball, location: 2F
1-1: SINGLE (Groundball, 56D)
Steve Jones to second
Batting: RHB Howard Lynch 0-0: Ball
1-0: Ball
2-0: Foul Ball, location: 2F
2-1: Called Strike
2-2: Strikes out looking
Top of the 9th over - 0 runs, 2 hits, 0 errors, 2 left on base; Villanova 5 - Penn State 11
Saturday, December 16th, 2017 - OOTP Baseball 18.8 Build 76